 Dungeon Crawl Stone Soup version 0.25.1-2-g60ff931df9 (webtiles) character file.

Game seed: 928669281495266561

4701 ArchParadox the Basher (level 10, -2/68 HPs)
             Began as a Gargoyle Berserker on Oct 15, 2020.
             Was an Elder of Trog.
             Slain by a death yak (18 damage)
             ... on level 9 of the Dungeon.
             The game lasted 00:20:25 (8087 turns).

ArchParadox the Basher (Gargoyle Berserker)         Turns: 8087, Time: 00:20:26

Health: -2/68      AC: 20    Str: 24    XL:     10   Next: 45%
Magic:  10/10      EV:  7    Int:  8    God:    Trog [****..]
Gold:   364        SH:  0    Dex:  9    Spells: 9/9 levels left

rFire    . . .     SeeInvis .   C - +2 flail (vorpal)
rCold    . . .     Gourm    .   (no shield)
rNeg     + . .     Faith    .   M - +0 plate armour
rPois    ∞         Spirit   .   x - +0 helmet
rElec    +         Reflect  .   (no cloak)
rCorr    .         Harm     .   j - +0 pair of gloves
MR       .....                  (no boots)
Stlth    ..........             (no amulet)
HPRegen  0.21/turn              (no ring)
MPRegen  0.12/turn              (no ring)

@: stab
A: negative energy resistance 1, electricity resistance, unbreathing,
petrification resistance, rot immunity, AC +7
a: Berserk, Trog's Hand, Brothers in Arms, Renounce Religion


You were on level 9 of the Dungeon.
You worshipped Trog.
Trog was greatly pleased with you.
You were hungry.

You visited 2 branches of the dungeon, and saw 11 of its levels.

You collected 364 gold pieces.

Inventory:

Hand Weapons
 a - a +0 mace
 v - a +1 vorpal hunting sling
 w - a +0 dagger of flaming
 C - a +2 vorpal flail (weapon)
 G - a +4 flail of protection
 K - a +0 shortbow
 O - a +4 flail
Missiles
 d - 141 arrows
 f - 187 stones (quivered)
 o - 40 bolts
 p - 18 poisoned darts
 R - 7 atropa-tipped darts
Armour
 b - a +0 animal skin
 j - a +0 pair of gloves (worn)
 n - a +0 scale mail
 x - a +0 helmet (worn)
 y - a +0 chain mail
 M - a +0 plate armour (worn)
Jewellery
 s - an uncursed ring of resist corrosion
 t - an uncursed amulet of reflection
 D - a +6 ring of intelligence
 E - an uncursed ring of see invisible
Wands
 N - a wand of acid (9)
Scrolls
 e - 2 scrolls of teleportation
 g - a scroll of enchant weapon
 i - 3 scrolls of identify
 l - 4 scrolls of remove curse
 q - 3 scrolls of magic mapping
 r - a scroll of immolation {unknown}
 B - a scroll of noise {unknown}
 I - 2 scrolls of amnesia {unknown}
 J - a scroll of fear {unknown}
 L - 2 scrolls of enchant armour {unknown}
 P - a scroll of fog
 V - a scroll of summoning {unknown}
Potions
 h - 2 potions of flight
 k - 3 potions of haste {unknown}
 u - 2 potions of magic
 z - 2 potions of degeneration {unknown}
 F - 3 potions of stabbing
 H - a potion of lignification {unknown}
 Q - a potion of ambrosia {unknown}
 S - a potion of brilliance {unknown}
 T - a potion of cancellation {unknown}
Comestibles
 c - 13 rations
 U - 3 chunks of flesh


   Skills:
 + Level 10.0 Fighting
 * Level 12.3 Maces & Flails
 - Level 2.1 Armour
 - Level 1.5 Dodging


You had 9 spell levels left.
You didn't know any spells.
Your spell library contained the following spells:

 Spells                   Type           Power        Failure   Level  Hunger
 Corona                   Hex            #......      100%        1    ##.....
 Foxfire                  Conj/Fire      #...         100%        1    ##.....
 Shock                    Conj/Air       #...         100%        1    ##.....
 Ensorcelled Hibernation  Hex/Ice        #.....       100%        2    ###....
 Swiftness                Chrm/Air       #.......     100%        2    ###....
 Confusing Touch          Hex            #.......     100%        3    ####...
 Conjure Flame            Conj/Fire      #.......     100%        3    ####...
 Dazzling Flash           Conj/Hex       #.....       100%        3    ####...
 Inner Flame              Hex/Fire       #.......     100%        3    ####...
 Static Discharge         Conj/Air       #.......     100%        3    ####...
 Tukima's Dance           Hex            #.......     100%        3    ####...
 Airstrike                Air            #.........   100%        4    #####..
 Cause Fear               Hex            #.........   100%        4    #####..
 Sticky Flame             Conj/Fire      #.......     100%        4    #####..
 Fireball                 Conj/Fire      #.........   100%        5    ######.
 Lightning Bolt           Conj/Air       #.........   100%        5    ######.
 Silence                  Hex/Air        #.........   100%        5    ######.
 Yara's Violent Unravell  Hex/Tmut       #.........   100%        5    ######.
 Discord                  Hex            #.........   100%        8    #######


Dungeon Overview and Level Annotations

Branches:
Dungeon (10/15)            Temple (1/1) D:5
   Lair: D:8-11         Orc: D:9-12

Altars:
Ashenzari
Cheibriados
Dithmenos
Elyvilon
Fedhas
Hepliaklqana
Kikubaaqudgha
Makhleb
Nemelex Xobeh
Okawaru
Qazlal
Ru
Sif Muna
Trog
Uskayaw
Vehumet
Wu Jian
Xom
Yredelemnul
The Shining One
Lugonu

Annotations:
D:5 1 runed translucent door, Gaxx's ghost, amateur DsGl


Innate Abilities, Weirdness & Mutations

You are resistant to torment.
Your stone body is resilient. (AC +7)
You are immune to poison.
You resist negative energy. (rN+)
You are resistant to electric shocks. (rElec)
You can survive without breathing.
You are immune to petrification.
You are immune to rotting.


Message History

You feel much better. The death yak gores you!
* * * LOW HITPOINT WARNING * * *
You feel better. The death yak gores you!
* * * LOW HITPOINT WARNING * * *
Your skin crawls.
You feel resistant to hostile enchantments.
You are feeling hungry.
The death yak gores you but does no damage.
You recover from your berserk rage.
The death yak gores you!
* * * LOW HITPOINT WARNING * * *
You feel the effects of Trog's Hand fading.
You are starting to lose your buoyancy.
Your skin stops crawling.
You feel less resistant to hostile enchantments.
Some of the chunks of flesh in your inventory have rotted away.
You float gracefully downwards.
There is a stone staircase leading up here.
The death yak gores you!!
You die...

#.#..........#.# #.####..#....#.#
#.##......#....#### ############
..#.(##...........# #..........#
..)..###..........# #..........#
.....# #.....Y....# #..........#
..[..# #..........# #..........#
.....###.........)# #..........#
.....##.......#Y@### #####.....##
...####..###.......## #...#..#
....................### ###.....
.......<......._......#########..
..####...........................
.÷####.##.###.....##...##.....[..
..##...##.####.....##..#........)
..)..##.....####............<.[[.
.....##.....# ##.#....#..........


You could see 2 death yaks.

Vanquished Creatures
  A death yak (D:9)
  A hippogriff (D:7)
  3 hogs (D:7)
  A yak (D:7)
  Eustachio (D:5)
  A human (D:7)
  Edmund (D:6)
  An ice beast (D:5)
  2 orc warriors
  2 phantoms (D:8)
  A black bear (D:9)
  A necrophage (D:9)
  2 sky beasts (D:6)
  2 ogres
  4 centaurs
  An eye of draining (D:8)
  A big kobold (D:4)
  3 bullfrogs
  2 scorpions
  5 wights (D:7)
  A howler monkey (D:7)
  2 crimson imps
  A centaur zombie (D:8)
  A quasit (D:8)
  4 orc wizards
  A centaur skeleton (D:7)
  5 iguanas
  9 worker ants
  A killer bee zombie (D:5)
  A hound skeleton (D:4)
  A worker ant zombie (D:5)
  Robin (D:3)
  A howler monkey skeleton (D:7)
  2 river rats (D:3)
  11 adders
  An adder skeleton (D:6)
  2 adder zombies
  6 worms
  4 dart slugs
  2 leopard geckos
  21 orcs
  7 bats
  4 giant cockroaches
  17 goblins
  12 hobgoblins
  13 jackals
  5 quokkas
  A ball python (D:1)
  4 frilled lizards
  8 kobolds
  A leopard gecko zombie (D:5)
  A quokka skeleton (D:5)
  A quokka zombie (D:6)
  6 rats
194 creatures vanquished.

Notes
Turn   | Place    | Note
-------+----------+-------------------------------------------
     0 | D:1      | ArchParadox the Gargoyle Berserker began the quest for the
                  | Orb.
     0 | D:1      | Reached XP level 1. HP: 14/14 MP: 1/1
    84 | D:1      | Reached XP level 2. HP: 19/19 MP: 2/2
   506 | D:1      | Reached XP level 3. HP: 24/24 MP: 3/3
   510 | D:1      | Reached ** piety under Trog
   837 | D:2      | Reached skill level 4 in Maces & Flails
  1062 | D:2      | Reached XP level 4. HP: 28/29 MP: 4/4
  1173 | D:2      | Found a radiant altar of Vehumet.
  1388 | D:2      | Found a snail-covered altar of Cheibriados.
  1414 | D:2      | Found a white marble altar of Elyvilon.
  1749 | D:3      | Noticed Robin
  1771 | D:3      | Killed Robin
  1771 | D:3      | Reached XP level 5. HP: 33/34 MP: 5/5
  1933 | D:3      | Found a glowing drain.
  1959 | D:3      | Reached skill level 5 in Maces & Flails
  2135 | D:3      | Reached *** piety under Trog
  2145 | D:3      | Found a shattered altar of Ashenzari.
  2476 | D:3      | Found a shimmering altar of Xom.
  2479 | D:3      | Found a hazy altar of Hepliaklqana.
  2480 | D:3      | Noticed a spectral ugly thing
  2673 | D:4      | Reached XP level 6. HP: 40/40 MP: 6/6
  2723 | D:4      | Reached skill level 5 in Fighting
  2741 | D:4      | Found a basalt altar of Yredelemnul.
  2888 | D:5      | Entered Level 5 of the Dungeon
  2933 | D:4      | Reached skill level 6 in Maces & Flails
  3544 | D:5      | Found a runed translucent door.
  3544 | D:5      | Noticed Gaxx's ghost (amateur DsGl)
  3634 | D:5      | Noticed Eustachio
  3678 | D:5      | Killed Eustachio
  3678 | D:5      | Reached XP level 7. HP: 45/45 MP: 7/7
  3749 | D:5      | Reached skill level 7 in Maces & Flails
  4091 | D:5      | Found a staircase to the Ecumenical Temple.
  4216 | D:5      | Found a bloodstained altar of Trog.
  4217 | D:5      | Found a glowing golden altar of the Shining One.
  4459 | Temple   | Entered the Ecumenical Temple
  4536 | D:6      | Noticed Edmund
  4562 | D:6      | Killed Edmund
  4562 | D:6      | Reached skill level 8 in Maces & Flails
  4562 | D:6      | Reached XP level 8. HP: 26/52 MP: 8/8
  5254 | D:6      | Reached skill level 9 in Maces & Flails
  5711 | D:7      | Noticed a hippogriff
  5717 | D:7      | Killed a hippogriff
  5724 | D:7      | Reached XP level 9. HP: 52/58 MP: 9/9
  5759 | D:7      | Found a shimmering blue altar of Sif Muna.
  5890 | D:7      | Reached **** piety under Trog
  6039 | D:7      | Reached skill level 10 in Maces & Flails
  6653 | D:8      | Reached skill level 11 in Maces & Flails
  6880 | D:8      | Found an iron altar of Okawaru.
  6901 | D:8      | Reached XP level 10. HP: 64/66 MP: 10/10
  7224 | D:8      | Found a stormy altar of Qazlal.
  7266 | D:8      | Found a sparkling altar of Nemelex Xobeh.
  7573 | D:9      | Found a basalt altar of Yredelemnul.
  7609 | D:10     | Entered Level 10 of the Dungeon
  7889 | D:9      | Reached skill level 12 in Maces & Flails
  7912 | D:9      | Noticed a death yak
  7912 | D:9      | Noticed a death yak
  7915 | D:9      | Noticed a death yak
  7915 | D:9      | Noticed a death yak
  7918 | D:9      | Noticed a death yak
  8038 | D:9      | Killed a death yak
  8038 | D:9      | Reached skill level 10 in Fighting
  8061 | D:9      | HP: 2/68 [death yak (15)]
  8087 | D:9      | Slain by a death yak

Illustrated notes

Levels and vault maps discovered:
D:1:      minmay_arrival_stair_chambers, layout_basic
D:2:      layout_loops_ring, vehumet_crystals, overflow_temple_1_default,
          st_stairs_13, hangedman_glass_teeth, kennysheep_slug_shrine
D:3:      layout_loops_cross, regret_index_temple_of_mockery, ashenzari_altar_1,
          cheibrodos_sewer_entry_sluice, minmay_crystal_water, uniq_robin
D:4:      layout_loops_corners, lemuel_round_altar,
          minmay_misc_feat_more_columns
D:5:      layout_loops_ring, overflow_temple_1_default, bloody_trog,
          minmay_temple_entry_purple_smoke, hellmonk_ghost_happy_afterlife,
          first_ration, uniq_eustachio
D:6:      layout_gridville, uniq_edmund
D:7:      layout_basic, lemuel_round_altar, grunt_livestock, lemuel_flame_loot_1
D:8:      layout_loops_ring, lemuel_doored_altar,
          nicolae_qazlal_eye_of_the_storm, okawaru_ov_weapons_minmay
D:9:      layout_rooms, grunt_temple_overflow_gold_and_silver,
          dpeg_lair_monsters, basic_altar, nicolae_zen_rock_garden
D:10:     layout_stronghold, orc_0_dummy, basic_altar
Temple:   corrupted_temple

Skill      XL: |  1  2  3  4  5  6  7  8  9 10 |
---------------+-------------------------------+-----
Maces & Flails | 4 5 6 8 9 11 12 | 12.3
Fighting       | 4 5 6 7 9 10 | 10.0
Armour         | |  2.1
Dodging        | |  1.5

Action                   |  1- 3 |  4- 6 |  7- 9 | 10-12 || total
-------------------------+-------+-------+-------+-------++-------
Melee: Mace              |    96 |   189 |       |       ||   285
       Flail             |       |   112 |   295 |   105 ||   512
Invok: Trog's Hand       |       |     3 |     2 |     3 ||     8
       Berserk           |       |     3 |     1 |     1 ||     5
  Use: Scroll            |       |       |    12 |       ||    12
       Potion            |       |       |       |     9 ||     9
  Eat: Chunk             |     1 |     7 |    11 |     5 ||    24
       Ration            |       |     1 |     1 |       ||     2
Armor: Animal skin       |    39 |       |       |       ||    39
       Scale mail        |     8 |    76 |       |       ||    84
       Chain mail        |       |   153 |    53 |       ||   206
       Plate armour      |       |       |    99 |    96 ||   195
Dodge: Dodged            |    76 |   162 |    89 |    37 ||   364
